Map: 2000 애트모스피어 - 래더

Players

Trap

  • Race: Protoss Protoss

DPGRogue (Rogue) - Winner!

  • Race: Zerg Zerg

Event: DreamHack SC2 Masters Last Chance 2022

VOD

Have the link to the VOD?

Description

Time

  • Played on: Dec. 15, 2021, 7:27 a.m.
  • Length: 23:13

All games in this series

Show
View Real Time Build Order
Export as new Build Order

Trap Protoss 

Build Orders: 1 Gate Expand, Archon Immortal, Carriers 

Get SALT Encoding   

  12  0:00  Probe  
  13  0:13  Pylon  
  13  0:17  Probe (Chrono Boost)  
  14  0:27  Probe (Chrono Boost)  
  15  0:32  Probe (Chrono Boost)  
  16  0:40  Gateway  
  16  0:44  Probe  
  16  0:47  Assimilator  
  17  0:56  Probe  
  18  1:08  Probe  
  19  1:20  Probe  
  20  1:26  Nexus  
  20  1:35  Cybernetics Core  
  20  1:38  Probe  
  21  1:44  Assimilator  
  21  1:50  Probe  
  21  1:53  Pylon  
  22  2:02  Probe (Chrono Boost)  
  23  2:11  Stalker, Warp Gate  
  23  2:14  Probe (Chrono Boost)  
  26  2:22  Probe (Chrono Boost)  
  27  2:25  Robotics Facility  
  27  2:29  Probe (Chrono Boost)  
  28  2:38  Probe (Chrono Boost)  
  28  2:41  Adept  
  32  2:46  Probe (Chrono Boost)  
  32  2:47  Probe (Chrono Boost)  
  33  2:52  Probe x2 (Chrono Boost)  
  35  3:04  Probe x2  
  37  3:09  Gateway  
  37  3:12  Warp Prism (Chrono Boost)  
  37  3:17  Adept  
  42  3:20  Probe  
  42  3:21  Probe  
  42  3:26  Pylon  
  43  3:32  Probe  
  43  3:33  Probe  
  45  3:42  Observer (Chrono Boost)  
  45  3:44  Probe  
  45  3:45  Probe, Stargate  
  45  3:46  Stargate  
  48  3:56  Probe  
  48  3:59  Assimilator x2  
  48  4:00  Pylon  
  50  4:05  Adept x2  
  53  4:11  Probe, Pylon  
  54  4:18  Probe  
  55  4:27  Probe  
  55  4:30  Probe  
  57  4:34  Phoenix (Chrono Boost)  
  57  4:35  Phoenix (Chrono Boost)  
  61  4:42  Zealot, Pylon  
  61  4:45  Pylon  
  63  4:50  Phoenix (Chrono Boost)  
  63  4:51  Phoenix (Chrono Boost)  
  65  4:57  Probe  
  65  4:58  Probe  
  69  5:00  Immortal  
  69  5:06  Zealot  
  75  5:13  Phoenix x2 (Chrono Boost)  
  79  5:25  Nexus  
  79  5:29  Pylon  
  79  5:35  Zealot x2  
  83  5:45  Probe x2  
  83  5:48  Immortal  
  89  5:56  Shield Battery  
  89  5:58  Probe x2  
  91  6:06  Forge  
  91  6:10  Twilight Council, Probe x2  
  91  6:11  Sentry  
  91  6:14  Pylon  
  91  6:17  Pylon  
  91  6:28  Probe x2  
  91  6:29  Protoss Ground Weapons Level 1 (Chrono Boost)  
  91  6:32  Immortal  
  97  6:33  Sentry  
  97  6:35  Sentry  
  101  6:40  Gateway  
  101  6:42  Gateway  
  101  6:43  Probe x2  
  101  6:45  Charge (Chrono Boost)  
  101  6:46  Probe  
  104  6:52  Templar Archives  
  104  6:58  Probe x3  
  107  7:02  Pylon  
  107  7:03  Pylon  
  107  7:08  Zealot x2  
  107  7:13  Probe x3  
  107  7:14  Psionic Storm  
  113  7:22  Assimilator  
  117  7:23  Immortal, Assimilator  
  117  7:35  Probe x3  
  116  7:43  Shield Battery  
  116  7:44  High Templar x2  
  118  7:46  Photon Cannon, Gateway  
  118  7:47  Gateway  
  120  7:54  Gateway  
  120  7:56  Gateway  
  120  7:59  Gateway  
  120  8:01  High Templar  
  120  8:02  Immortal (Chrono Boost)  
  126  8:06  Gateway  
  126  8:09  High Templar  
  128  8:12  Gateway  
  128  8:13  Gateway  
  128  8:16  Pylon  
  128  8:18  Photon Cannon  
  128  8:23  High Templar  
  130  8:32  Protoss Ground Weapons Level 2 (Chrono Boost)  
  130  8:33  Observer (Chrono Boost)  
  131  8:41  High Templar x2  
  131  8:42  Zealot x2  
  139  8:52  Nexus  
  139  8:54  Pylon  
  137  8:58  Archon  
  137  9:02  Sentry  
  139  9:07  Photon Cannon  
  139  9:08  Photon Cannon  
  139  9:10  Shield Battery  
  139  9:12  Pylon  
  139  9:15  High Templar  
  141  9:19  Pylon  
  141  9:20  Pylon  
  141  9:22  Photon Cannon  
  141  9:24  Photon Cannon  
  141  9:33  Immortal  
  133  9:40  Zealot, High Templar x3  
  133  9:41  Zealot x6  
  155  9:47  Shield Battery  
  155  9:50  Shield Battery  
  155  9:52  Archon x2  
  154  9:59  Fleet Beacon  
  135  10:10  Zealot x8  
  135  10:12  High Templar  
  135  10:13  Zealot, High Templar  
  157  10:17  Archon  
  157  10:18  Observer (Chrono Boost)  
  157  10:19  Probe x2  
  157  10:20  Probe x2  
  162  10:31  Probe  
  159  10:37  Archon  
  159  10:39  Zealot x3  
  159  10:40  Zealot x5  
  130  10:52  Zealot x3  
  130  10:53  Probe x4  
  113  11:05  Zealot x4, Probe  
  113  11:06  Zealot  
  124  11:14  High Templar x4  
  124  11:17  Protoss Shields Level 1 (Chrono Boost)  
  124  11:32  High Templar x4  
  124  11:37  Assimilator x2  
  124  11:42  Probe  
  124  11:43  Probe x3  
  124  11:45  Photon Cannon, Archon  
  124  11:46  Zealot x3  
  134  11:48  Photon Cannon  
  134  11:50  Mothership (Chrono Boost)  
  134  11:56  Observer  
  140  12:09  Pylon  
  140  12:11  Photon Cannon  
  140  12:15  Immortal (Chrono Boost)  
  144  12:27  Carrier (Chrono Boost)  
  150  12:34  Carrier (Chrono Boost)  
  156  12:41  Zealot  
  156  12:42  Stargate  
  154  12:56  Stalker x3, Protoss Air Weapons Level 1  
  160  13:06  Zealot  
  162  13:14  Photon Cannon  
  168  13:22  Protoss Ground Weapons Level 3  
  168  13:24  Carrier (Chrono Boost)  
  168  13:25  Photon Cannon  
  172  13:27  Photon Cannon  
  172  13:28  Carrier (Chrono Boost)  
  172  13:30  Shield Battery  
  178  13:36  Carrier (Chrono Boost)  
  178  13:41  Observer  
  178  13:52  Zealot, High Templar x2  
  178  13:53  Zealot x2  
  174  14:10  Carrier (Chrono Boost)  
  180  14:23  Carrier (Chrono Boost)  
  180  14:30  Pylon  
  184  14:39  Observer (Chrono Boost), Nexus  
  184  14:40  Robotics Facility  
  184  14:42  Robotics Bay  
  184  14:52  Zealot x2  
  188  14:55  Dark Shrine  
  188  14:58  Pylon  
  184  15:02  Zealot x6  
  184  15:03  Zealot x2  
  158  15:21  Zealot x3  
  146  15:36  Oracle (Chrono Boost)  
  146  15:37  High Templar x6  
  146  15:42  Archon x2  
  161  15:43  Archon  
  161  15:47  Zealot x2  
  165  16:21  Nexus  
  165  16:24  Observer  
  162  16:29  Archon  
  162  16:32  Zealot x7  
  138  16:43  High Templar  
  138  16:44  High Templar x2  
  143  16:49  High Templar  
  142  17:13  High Templar x2  
  146  17:29  Observer  
  137  17:57  Zealot x6  
  140  18:08  High Templar x3  
  140  18:10  High Templar  
  146  18:23  Assimilator  
  141  18:49  Assimilator  
  127  19:07  Nexus  
  127  19:12  High Templar x3  
  129  19:28  Disruptor  
  132  19:46  Disruptor (Chrono Boost)  
  131  20:09  Disruptor (Chrono Boost)  
  118  20:22  Observer (Chrono Boost)  
  118  20:27  Pylon  
  118  20:30  Zealot x2  
  118  20:31  Zealot x5  
  118  20:33  Observer (Chrono Boost)  
  131  20:37  Gravitic Boosters  
  134  20:53  Disruptor (Chrono Boost)  
  134  20:55  Zealot x2  
  135  21:04  Pylon  
  135  21:08  Zealot  
  135  21:09  Zealot x5, Disruptor (Chrono Boost)  
  137  21:19  Disruptor (Chrono Boost)  
  126  21:37  Disruptor (Chrono Boost)  
  120  21:51  Observer (Chrono Boost)  
  120  22:27  Observer  
Show
View Real Time Build Order
Export as new Build Order

DPGRogue Zerg - Winner!

Build Orders: Hatch First, Lurkers 

Get SALT Encoding   

  12  0:00  Drone  
  13  0:12  Overlord  
  13  0:16  Drone  
  14  0:30  Drone  
  15  0:43  Hatchery  
  15  0:48  Drone  
  15  0:51  Drone  
  15  0:54  Drone  
  17  0:59  Drone  
  18  1:08  Extractor  
  17  1:15  Spawning Pool  
  16  1:18  Drone  
  16  1:21  Drone  
  18  1:31  Drone  
  19  1:42  Drone  
  20  1:52  Overlord  
  20  2:02  Queen x2  
  20  2:03  Zergling x4  
  26  2:09  Drone  
  26  2:14  Metabolic Boost  
  27  2:15  Drone  
  27  2:17  Drone  
  29  2:26  Drone  
  29  2:28  Drone  
  31  2:36  Drone  
  32  2:38  Drone  
  33  2:46  Hatchery  
  33  2:50  Queen  
  34  2:54  Overlord  
  34  2:57  Drone  
  35  3:01  Drone  
  37  3:12  Drone  
  37  3:13  Drone x5  
  37  3:18  Queen  
  44  3:22  Overlord  
  44  3:42  Drone x3  
  44  3:44  Drone x2  
  44  3:47  Queen  
  51  3:48  Overlord  
  51  3:51  Drone, Overlord  
  52  3:56  Overlord  
  52  4:03  Overlord  
  52  4:06  Queen x2  
  56  4:10  Drone  
  56  4:11  Drone x3  
  56  4:12  Roach Warren  
  56  4:14  Zergling x6  
  62  4:19  Zergling x2  
  62  4:23  Zergling x4  
  64  4:26  Queen  
  64  4:30  Drone x2  
  64  4:31  Zergling x8  
  71  4:35  Zergling x6  
  75  4:42  Drone x2  
  75  4:43  Drone x2  
  79  4:47  Overlord  
  79  4:50  Overlord  
  79  4:52  Lair  
  79  4:56  Overlord  
  79  4:59  Overlord  
  79  5:00  Overlord  
  79  5:03  Overlord  
  79  5:06  Drone  
  79  5:07  Drone x2  
  82  5:09  Queen  
  82  5:12  Extractor x2  
  82  5:13  Spore Crawler  
  82  5:14  Extractor  
  80  5:15  Evolution Chamber  
  80  5:19  Drone x4  
  80  5:20  Spore Crawler  
  82  5:21  Spore Crawler  
  82  5:23  Extractor  
  82  5:27  Queen  
  82  5:29  Drone  
  82  5:30  Drone x2  
  84  5:38  Drone x7  
  84  5:40  Drone  
  84  5:42  Zerg Melee Weapons Level 1  
  92  5:47  Drone x4  
  96  5:54  Drone  
  96  5:59  Hydralisk Den  
  96  6:01  Drone  
  93  6:05  Drone  
  93  6:06  Drone x6  
  95  6:11  Drone  
  95  6:13  Drone, Extractor  
  96  6:23  Drone x6  
  102  6:30  Overlord  
  102  6:31  Grooved Spines  
  102  6:34  Baneling Nest  
  102  6:38  Overlord  
  101  6:40  Drone  
  101  6:41  Overlord  
  101  6:43  Overlord  
  102  6:48  Hatchery, Overlord  
  100  6:55  Hydralisk  
  100  6:56  Hydralisk x8  
  118  7:03  Hydralisk x3, Spore Crawler  
  118  7:05  Hydralisk  
  125  7:09  Zergling x2  
  125  7:10  Zergling x6  
  129  7:16  Hydralisk x2  
  129  7:21  Drone x3  
  135  7:24  Centrifugal Hooks  
  135  7:29  Drone x5  
  139  7:30  Drone  
  139  7:33  Drone x2  
  139  7:36  Drone  
  142  7:39  Evolution Chamber  
  142  7:40  Drone x2, Zerg Melee Weapons Level 2  
  142  7:42  Muscular Augments  
  141  7:52  Drone x3  
  141  7:53  Overlord x3  
  141  7:56  Pneumatized Carapace  
  143  8:00  Drone  
  143  8:02  Overlord  
  144  8:07  Zerg Missile Weapons Level 1  
  144  8:10  Hydralisk x3  
  144  8:11  Hydralisk  
  152  8:16  Overlord  
  152  8:17  Hatchery  
  151  8:21  Hydralisk x5  
  151  8:23  Zergling x2  
  161  8:30  Baneling x2, Extractor  
  161  8:31  Baneling x6  
  161  8:32  Zergling x12  
  166  8:37  Zergling x2  
  166  8:39  Zergling x2  
  168  8:41  Zergling x2  
  168  8:42  Zergling x6  
  168  8:43  Zergling x2  
  168  8:44  Zergling x2  
  167  8:49  Spore Crawler  
  166  8:56  Zergling x8  
  166  8:57  Zergling x14  
  166  9:00  Baneling x4  
  166  9:01  Baneling x13  
  176  9:09  Zergling x16  
  181  9:11  Zergling x2  
  181  9:15  Drone  
  181  9:16  Spine Crawler  
  182  9:18  Baneling x12  
  182  9:19  Baneling x2  
  182  9:20  Zergling x2  
  182  9:22  Overseer, Zergling x2  
  182  9:23  Zergling x2  
  185  9:27  Zergling x10  
  186  9:41  Zergling x2  
  186  9:42  Zergling x18  
  186  9:43  Overlord  
  186  9:44  Overlord  
  186  9:45  Zergling x2  
  197  9:46  Zergling x2  
  198  9:59  Overlord  
  195  10:02  Zergling x4  
  195  10:03  Zergling x2  
  195  10:06  Zergling x24  
  182  10:08  Zergling x2  
  182  10:12  Zerg Missile Weapons Level 2  
  182  10:13  Zerg Ground Armor Level 1  
  183  10:14  Baneling x5  
  183  10:15  Baneling x19  
  183  10:19  Zergling x8  
  183  10:20  Zergling x4  
  189  10:22  Zergling x2  
  189  10:23  Zergling x4  
  189  10:24  Zergling x2  
  193  10:29  Zergling x12  
  193  10:30  Zergling x2  
  183  10:37  Zergling x2  
  183  10:38  Zergling x6  
  183  10:42  Zergling x2  
  161  10:46  Zergling x14  
  133  10:53  Hydralisk x6  
  109  10:59  Drone x4  
  109  11:03  Drone x3  
  114  11:06  Drone x2  
  114  11:11  Baneling x2, Zergling x6  
  117  11:16  Zergling x2  
  117  11:17  Zergling x6  
  122  11:23  Hydralisk  
  122  11:24  Hydralisk x2  
  124  11:26  Hydralisk  
  124  11:27  Hydralisk  
  124  11:32  Hydralisk x2  
  128  11:38  Hydralisk x2  
  134  11:41  Hydralisk x2  
  134  11:45  Hydralisk  
  134  11:46  Hydralisk  
  142  11:59  Hydralisk x3  
  148  12:05  Hatchery  
  147  12:10  Zergling x18  
  147  12:12  Zergling x2  
  156  12:17  Zerg Ground Armor Level 2  
  156  12:20  Lurker Den  
  155  12:23  Infestation Pit  
  155  12:29  Extractor  
  153  12:32  Drone x3  
  157  12:37  Drone x11  
  157  12:42  Baneling  
  157  12:43  Baneling x7  
  167  12:55  Zergling x20  
  167  12:58  Overlord  
  177  13:04  Hive  
  177  13:09  Baneling x2  
  177  13:10  Baneling x7  
  177  13:12  Drone  
  178  13:14  Drone x2  
  180  13:22  Overseer  
  180  13:24  Spore Crawler  
  179  13:39  Overlord  
  179  13:42  Hatchery  
  177  13:49  Extractor x2  
  177  13:50  Overlord  
  177  13:52  Spire  
  174  14:01  Lurker x10  
  174  14:02  Lurker x6  
  186  14:03  Hydralisk x5  
  186  14:08  Overseer  
  195  14:10  Baneling x2  
  195  14:11  Baneling x5  
  195  14:19  Drone  
  195  14:24  Adaptive Talons  
  196  14:36  Hydralisk  
  198  14:45  Overseer x6  
  198  14:46  Drone  
  198  14:47  Drone  
  195  15:00  Hydralisk  
  195  15:03  Hydralisk x4  
  195  15:05  Overseer x6  
  186  15:08  Hydralisk x9  
  186  15:11  Hydralisk x4  
  195  15:18  Hydralisk x2  
  195  15:21  Seismic Spines  
  195  15:26  Overlord  
  195  15:30  Overlord  
  195  15:35  Zerg Flyer Weapons Level 1  
  188  15:37  Zerg Missile Weapons Level 3  
  188  15:38  Zerg Ground Armor Level 3, Overseer x6  
  186  15:44  Zergling x2  
  186  15:45  Zergling x16  
  186  15:47  Overlord  
  195  15:51  Overseer  
  195  15:53  Zergling x8  
  199  15:59  Lurker  
  200  16:05  Overseer x6  
  200  16:11  Overlord  
  200  16:23  Hydralisk x9  
  200  16:25  Hatchery  
  190  16:27  Hydralisk  
  190  16:28  Hydralisk x5  
  190  16:32  Hydralisk x2  
  177  16:35  Overseer x4  
  174  16:43  Viper x3  
  183  16:51  Hydralisk x3  
  189  16:54  Lurker  
  190  17:07  Overlord  
  190  17:13  Overlord  
  190  17:16  Hydralisk x9, Spore Crawler  
  189  17:25  Overlord  
  189  17:30  Hatchery  
  189  17:34  Lurker x5  
  189  17:35  Lurker x4  
  189  17:37  Hydralisk  
  197  17:40  Hydralisk x4  
  198  17:50  Hydralisk x10  
  189  17:54  Overseer x2  
  189  17:58  Hydralisk x4  
  173  18:04  Hydralisk x5  
  170  18:14  Hydralisk x2  
  170  18:18  Overlord  
  174  18:26  Overlord  
  170  18:35  Hydralisk  
  170  18:36  Hydralisk x5  
  177  18:44  Lurker  
  177  18:45  Lurker x9  
  176  19:04  Hatchery  
  176  19:08  Hydralisk  
  177  19:17  Overseer x4  
  176  19:22  Overlord  
  174  19:32  Overlord  
  174  19:40  Overseer, Overlord  
  174  20:01  Roach x3  
  169  20:28  Roach x4  
  177  20:37  Roach  
  177  20:38  Roach x4  
  177  20:39  Overlord  
  177  20:42  Overlord  
  187  21:02  Roach  
  184  21:07  Overseer x7, Roach x4  
  186  21:12  Spawning Pool  
  176  21:22  Ravager x6  
  176  21:23  Ravager  
  175  21:28  Roach x4  
  179  21:37  Roach  
  177  21:56  Hatchery  
  176  22:06  Roach x3  
  176  22:07  Ravager  
  176  22:08  Ravager x5  
  188  22:20  Roach Warren  
  187  22:33  Extractor  
  187  22:35  Extractor  
  183  22:54  Spawning Pool  

Tags
 
Add a new tag
Caveats
  • Supply blocks, unpowered buildings, or Contaminate may cause inaccurate times.
  • Supply counts are checked every 10 seconds.